 Dungeon Crawl Stone Soup version 0.29.1-1-gd02db6906a (webtiles) character file.

Game seed: 4170538823796080722

1191 Earthwalker the Poker (level 8, -11/66 (70) HPs)
             Began as a Minotaur Fighter on Oct 11, 2022.
             Mangled by a wight
             ... wielding a +4 scimitar
              (14 damage)
             ... on level 7 of the Dungeon.
             The game lasted 00:12:53 (4632 turns).

Earthwalker the Poker (Minotaur Fighter)            Turns: 4632, Time: 00:12:54

HP:   -11/66 (70)   AC:  9    Str: 23    XL:     8   Next: 20%
MP:   7/7           EV: 11    Int:  5    God:
Gold: 196           SH:  5    Dex: 10    Spells: 7/7 levels left

rFire   . . .      SeeInvis .   a - +1 trident
rCold   . . .      Faith    .   c - +0 buckler
rNeg    . . .      Spirit   .   n - +0 ring mail {rPois}
rPois   +          Reflect  .   (helmet restricted)
rElec   .          Harm     .   o - +2 cloak
rCorr   .          Rampage  .   (no gloves)
Will    .....                   (no boots)
Stlth   ..........              (no amulet)
HPRegen 0.21/turn               (no ring)
MPRegen 0.10/turn               (no ring)

@: drained
A: horns 2, retaliatory headbutt
a: no special abilities


You were on level 7 of the Dungeon.
You visited 2 branches of the dungeon, and saw 7 of its levels.

You collected 196 gold pieces.

Inventory:

Hand Weapons
 a - a +1 trident (weapon)
Missiles
 l - a throwing net
 q - 18 poisoned darts (quivered)
 r - 2 boomerangs
Armour
 b - a +0 scale mail
 c - a +0 buckler (worn)
 n - a +0 ring mail of poison resistance (worn)
 o - a +2 cloak (worn)
Jewellery
 k - a ring of protection from fire
 m - a +6 ring of dexterity
 u - a +6 ring of intelligence
Wands
 t - a wand of iceblast (1)
Scrolls
 i - 5 scrolls of teleportation
 p - a scroll of immolation {unknown}
 s - 2 scrolls of identify
Potions
 d - 2 potions of might
 e - 3 potions of curing
 f - a potion of brilliance {unknown}
 g - 3 potions of attraction {unknown}
 h - a potion of magic {unknown}
 j - a potion of mutation


   Skills:
 * Level 5.7 Fighting
 * Level 7.7 Polearms
 * Level 2.7 Throwing
 * Level 6.0 Armour
 * Level 3.0 Dodging
 * Level 5.1 Shields


You had 7 spell levels left.
You didn't know any spells.
Your spell library contained the following spells:

 Spells                   Type           Power      Damage    Failure   Level
 Sandblast                Erth           0%         2d4       71%         1
 Passwall                 Tmut/Erth      0%         N/A       83%         2
 Confusing Touch          Hex            0%         N/A       97%         3
 Stone Arrow              Conj/Erth      0%         3d7       97%         3
 Yara's Violent Unravell  Hex/Tmut       0%         3d3       100%        5
 Enfeeble                 Hex            0%         N/A       100%        7


Dungeon Overview and Level Annotations

Branches:
Dungeon (7/15)             Temple (1/1) D:4

Altars:
Cheibriados
Dithmenos
Elyvilon
Fedhas
Gozag
Hepliaklqana
Kikubaaqudgha
Makhleb
Sif Muna
Trog
Uskayaw
Wu Jian
Yredelemnul
Zin
The Shining One

Shops:
D:2 (   D:3 :   D:4 (


Innate Abilities, Weirdness & Mutations

You have a pair of horns on your head.
You reflexively headbutt those who attack you in melee.


Message History

Items here: ))))))) [[[ ††.
Throw: 21 darts (poison)
Press: ? - help, Q - select action, (/) - cycle Shift-Dir - straight line, f - wight
Aim: a wight, wielding a +4 scimitar and wearing a +0 robe (59% to hit)
You throw a poisoned dart. The poisoned dart hits the wight.
Throw: 20 darts (poison)
Press: ? - help, Q - select action, (/) - cycle Shift-Dir - straight line, f/p - wight
Aim: a wight, wielding a +4 scimitar and wearing a +0 robe (59% to hit)
You throw a poisoned dart. The poisoned dart hits the wight.
Throw: 19 darts (poison)
Press: ? - help, Q - select action, (/) - cycle Shift-Dir - straight line, f/p - wight
Aim: a wight, wielding a +4 scimitar and wearing a +0 robe (59% to hit)
You throw a poisoned dart.
The poisoned dart closely misses the wight.
You are too injured to fight recklessly!
You are too injured to fight recklessly!
You are too injured to fight recklessly!
You closely miss the wight.
You headbutt the wight, but do no damage.
The wight hits you with a +4 scimitar.
* * * LOW HITPOINT WARNING * * *
You feel drained.
* * * LOW HITPOINT WARNING * * *
You barely miss the wight. The wight closely misses you.
You barely miss the wight. You headbutt the wight.
The wight is moderately damaged.
The wight barely misses you.
You closely miss the wight.
The wight is moderately damaged.
The wight hits you but does no damage.
You hit the wight.
The wight is heavily damaged.
The wight hits you with a +4 scimitar!
* * * LOW HITPOINT WARNING * * *
You feel drained.
* * * LOW HITPOINT WARNING * * *
You closely miss the wight.
The wight is heavily damaged.
The wight hits you with a +4 scimitar!
You die...

#.#######.###^.#
.............#
#######.###.##
#..##.####
#.........
#..#######
#..########.
#..)........
##@######### #z#
#)# z.....(.#
.......(#
.......##
......# #...#.
##....


You could see a wight.

Vanquished Creatures
  Pikel (D:5)
  A water moccasin (D:7)
  A centaur (D:7)
  A necrophage (D:4)
  4 wights (D:7)
  A hound (D:5)
  2 iguanas (D:4)
  Robin (D:2)
  4 gnolls (D:7)
  3 adders
  3 worms
  4 dart slugs
  4 orcs (D:3)
  5 bats
  7 endoplasms
  6 giant cockroaches
  14 goblins
  7 hobgoblins
  6 jackals (D:2)
  15 kobolds
  10 quokkas
  13 ball pythons
  6 frilled lizards
  5 rats
124 creatures vanquished.

Vanquished Creatures (others)
  A hobgoblin (D:4)
  18 plants (D:2)
19 creatures vanquished.

Grand Total: 143 creatures vanquished

Notes
Turn   | Place    | Note
-------+----------+-------------------------------------------
     0 | D:1      | Earthwalker the Minotaur Fighter began the quest for the
                  | Orb.
     0 | D:1      | Reached XP level 1. HP: 19/19 MP: 0/0
   130 | D:1      | Reached XP level 2. HP: 27/27 MP: 1/1
   401 | D:1      | Reached XP level 3. HP: 33/33 MP: 2/2
   849 | D:2      | Reached skill level 3 in Polearms
   875 | D:2      | Noticed Robin
   878 | D:2      | Killed Robin
   989 | D:2      | HP: 1/33 [poisoned by a kobold]
  1331 | D:2      | Reached XP level 4. HP: 30/40 MP: 3/3
  1444 | D:2      | Found Nybetaeh's Weapon Boutique.
  1671 | D:2      | Reached skill level 1 in Throwing
  1676 | D:2      | Found a snail-covered altar of Cheibriados.
  2142 | D:3      | Found Joamont's Book Shop.
  2451 | D:3      | Reached skill level 4 in Polearms
  2658 | D:3      | Reached skill level 1 in Dodging
  2661 | D:3      | Reached XP level 5. HP: 47/47 MP: 4/4
  2699 | D:3      | Found an ornate altar of the Wu Jian Council.
  2735 | D:3      | Found an opulent altar of Gozag.
  3547 | D:4      | Found Uxzoqeg's Weapon Boutique.
  3674 | D:4      | Found a staircase to the Ecumenical Temple.
  3679 | Temple   | Entered the Ecumenical Temple
  3853 | D:4      | Found a basalt altar of Yredelemnul.
  3855 | D:4      | Noticed a profane servitor
  3868 | D:4      | Found a glowing golden altar of the Shining One.
  3870 | D:4      | Noticed an angel
  3891 | D:4      | Reached skill level 5 in Polearms
  3891 | D:4      | Reached XP level 6. HP: 53/53 MP: 5/5
  4097 | D:5      | Entered Level 5 of the Dungeon
  4129 | D:5      | Noticed Pikel
  4148 | D:5      | Killed Pikel
  4149 | D:5      | Reached skill level 5 in Fighting
  4149 | D:5      | Reached skill level 6 in Polearms
  4149 | D:5      | Reached skill level 5 in Armour
  4149 | D:5      | Reached XP level 7. HP: 11/61 MP: 6/6
  4150 | D:5      | You fall into a shaft and drop 2 floors!
  4465 | D:7      | Reached skill level 7 in Polearms
  4558 | D:7      | Reached skill level 5 in Shields
  4567 | D:7      | Reached XP level 8. HP: 16/69 MP: 7/7
  4631 | D:7      | HP: 3/66 [wight/+4 scimitar (1)]
  4632 | D:7      | Mangled by a wight

Illustrated notes

Levels and vault maps discovered:
D:1:      amcnicky_arrival_abandoned_market, layout_loops_ring,
          wander_ebering_terrifying_dragon_lair
D:2:      layout_rooms, basic_altar, serial_shops,
          nicolae_shop_bloodbath_and_beyond, small_statue_intersection,
          lexackson_kobold_supper, uniq_robin
D:3:      layout_basic, nicolae_wu_jian_wuxing_cycle,
          nicolae_overflow_hidden_temple, serial_shops,
          nicolae_shop_statue_plus, serial_rivers,
          chequers_serial_rivers_micro_a, chequers_serial_rivers_room_a,
          chequers_serial_rivers_micro_a, chequers_serial_rivers_small_3,
          chequers_serial_rivers_micro_e, chequers_serial_rivers_micro_d
D:4:      layout_rooms, grunt_temple_overflow_holy_war,
          minmay_temple_entry_offerings, serial_shops, shop_fountains
D:5:      layout_basic, mainiacjoe_overflow_cross_hatched, uniq_pikel,
          uniq_eustachio
D:7:      layout_loops_ring, kennysheep_okawaru_gauntlet, lemuel_tele_altar,
          kennysheep_mini
Temple:   hellmonk_temple_rainy

Skill      XL: |  1  2  3  4  5  6  7  8 |
---------------+-------------------------+-----
Armour         | 4 5 6 |  6.0
Fighting       | 4 5 |  5.7
Shields        | 4 5 |  5.1
Polearms       | 3 4 5 6 7 |  7.7
Throwing       | 1 2 |  2.7
Dodging        | 1 2 3 |  3.0

Action                   |  1- 3 |  4- 6 |  7- 9 || total
-------------------------+-------+-------+-------++-------
Melee: Trident           |   104 |   194 |    55 ||   353
       Headbutt          |     7 |    17 |     8 ||    32
Throw: Dart              |       |     3 |     3 ||     6
  Use: Scroll            |     5 |     4 |       ||     9
Armor: Scale mail        |    31 |    34 |       ||    65
       Ring mail         |       |    21 |    10 ||    31
Dodge: Dodged            |    37 |    45 |    28 ||   110
Block: Buckler           |    15 |    26 |     7 ||    48
